 Dungeon Crawl Stone Soup version 0.14-a0-445-g388476e (webtiles) character file.

72 PolkaDot the Sneak (level 3, -1/22 HPs)
             Began as a Vampire Wizard on Oct 29, 2013.
             Slain by a gnoll
             ... wielding a +0,+0 halberd
              (9 damage)
             ... on Level 3 of the Dungeon.
             The game lasted 00:05:42 (1236 turns).

PolkaDot the Sneak (Vampire Wizard)                 Turns: 1236, Time: 00:05:42

HP  -1/22        AC  3     Str  6      XL: 3   Next: 14%
MP   4/10        EV  6     Int 21      God:
Gold 38          SH  0     Dex 12      Spells:  1 memorised,  7 levels left

Res.Fire  : . . .   See Invis. : +   m - +1,+0 elf dagger
Res.Cold  : . . .   Warding    : .   a - +0 robe
Life Prot.: . . .   Conserve   : .   (no shield)
Res.Poison: .       Res.Corr.  : .   b - +0 wizard hat
Res.Elec. : .       Clarity    : .   f - +0 dwarf cloak (curse)
Sust.Abil.: . .     Spirit.Shd : .   (no gloves)
Res.Mut.  : .       Stasis     : .   (no boots)
Res.Rott. : .       Flight     : .   (no amulet)
Saprovore : . . .                    (no ring)
                                     (no ring)

@: regenerating quickly, very slightly contaminated, held, slightly resistant to
hostile enchantments, stealthy
A: fangs 3, see invisible, unbreathing
a: no special abilities


You were on level 3 of the Dungeon.
You were very full.

You visited 1 branch of the dungeon, and saw 3 of its levels.

You collected 18 gold pieces.

Inventory:

Hand weapons
 m - a +1,+0 elven dagger (weapon)
Armour
 a - a +0 robe (worn)
 b - a +0 wizard hat (worn)
 f - a cursed +0 dwarven cloak (worn)
Scrolls
 e - 2 scrolls of teleportation {unknown}
 g - 2 scrolls of enchant weapon II {unknown}
 h - a scroll of identify {unknown}
 i - a scroll of enchant armour {unknown}
 l - a scroll of magic mapping {unknown}
Potions
 d - a potion of blood
 j - 2 potions of curing {unknown}
 k - a potion of speed {unknown}
Books
 c - a book of Minor Magic

   Spells                             Type                      Level
   *Magic Dart                        Conjuration                  1
   Blink                              Translocation                2
   Call Imp                           Summoning                    2
   Repel Missiles                     Charms/Air                   2
   Slow                               Hexes                        2
   Conjure Flame                      Conjuration/Fire             3
   Mephitic Cloud                     Conjuration/Poison/Air       3


   Skills:
 - Level 2.1 Dodging
 - Level 3.0 Stealth
 - Level 3.0 Spellcasting
 * Level 2.3 Conjurations
   Level 1.0 Summonings
   Level 0.7 Translocations


You had 7 spell levels left.
You knew the following spells:

 Your Spells              Type           Power        Failure   Level  Hunger
a - Magic Dart            Conj           ##..         6%          1    None


Dungeon Overview and Level Annotations

Branches:
Dungeon (3/27)

Altars:

Annotations:
D:2 Crazy Yiuf


Innate Abilities, Weirdness & Mutations

Your natural rate of healing is unusually fast.
You have razor-sharp teeth.*
You have supernaturally acute eyesight.
You can survive without breathing.*


Message History

Confirm with . or Enter, or press ? or * to list all spells.
Aiming: Magic Dart
Press: ? - help, Shift-Dir - straight line, f/p - gnoll
Aim: a gnoll (severely wounded)
The magic dart hits the gnoll.
The gnoll is severely wounded.
Casting: Magic Dart
Confirm with . or Enter, or press ? or * to list all spells.
Aiming: Magic Dart
Press: ? - help, Shift-Dir - straight line, f/p - gnoll
Aim: a gnoll (severely wounded)
The magic dart hits the gnoll.
The gnoll is almost dead.
The gnoll hits you.
You struggle against the net.
The gnoll hits you!
You try to slip out of the net.
The gnoll barely misses you.
You struggle against the net.
The gnoll closely misses you. The gnoll hits you.
You try to slip out of the net.
The gnoll hits you from afar with a halberd!
You die...

.#.# #.#.. . #.#..
. #.#.# .### #$#.#
... # #.#.#..####
.#.#.#...#......
.......g..........
#.gg@<....#
#......###..#
###...## # #....≈
..≈≈≈≈≈ .≈≈≈≈≈
≈#≈≈≈ ≈≈≈≈ ≈


You could see 3 gnolls.

Vanquished Creatures
  A gnoll (D:3)
  5 bats
  5 goblins
  4 jackals (D:1)
  A ball python (D:2)
  3 giant newts
  A kobold (D:1)
  5 rats
25 creatures vanquished.

Notes
Turn   | Place    | Note
--------------------------------------------------------------
     0 | D:1      | PolkaDot, the Vampire Wizard, began the quest for the Orb.
     0 | D:1      | Reached XP level 1. HP: 11/11 MP: 6/6
    67 | D:1      | Reached skill level 1 in Conjurations
   360 | D:1      | Reached XP level 2. HP: 17/17 MP: 4/8
  1070 | D:2      | Noticed Crazy Yiuf
  1150 | D:3      | Reached XP level 3. HP: 16/22 MP: 1/10
  1236 | D:3      | Slain by a gnoll

Action                   || total
-------------------------++-------
 Cast: Magic Dart        ||    68
